 Dungeon Crawl Stone Soup version 0.29-a0-323-g050149af67 (webtiles) character file.

Game seed: 8803823724643122136

58 iguanaiguana the Vexing (level 4, -1/33 HPs)
             Began as a Formicid Arcane Marksman on Apr 12, 2022.
             Slain by a gnoll
             ... wielding a +0 spear
              (3 damage)
             ... on level 2 of the Dungeon.
             The game lasted 00:07:42 (1738 turns).

iguanaiguana the Vexing (Formicid Arcane Marksman)  Turns: 1738, Time: 00:07:43

Health: -1/33      AC:  4    Str: 14    XL:     4   Next: 20%
Magic:  5/5        EV: 11    Int: 15    God:
Gold:   32         SH:  0    Dex: 11    Spells: 1/5 levels left

rFire   . . .      SeeInvis +   a - +0 hand crossbow
rCold   . . .      Faith    .   (no shield)
rNeg    . . .      Spirit   .   p - +0 leather armour
rPois   .          Reflect  .   (helmet unavailable)
rElec   .          Harm     .   (no cloak)
rCorr   .          Rampage  .   g - +0 pair of gloves
Will    .....                   (no boots)
Stlth   +.........              (no amulet)
HPRegen 0.11/turn               (no ring)
MPRegen 0.09/turn               (no ring)

@: attractive
A: permanent stasis, dig shafts and tunnels, antennae 3, four strong arms,
hooves 1, deterioration 1
a: Dig, Shaft Self


You were on level 2 of the Dungeon.
You visited 1 branch of the dungeon, and saw 2 of its levels.

You collected 32 gold pieces.

Inventory:

Hand Weapons
 a - a +0 hand crossbow (weapon)
Armour
 b - a +0 robe
 g - a +0 pair of gloves (worn)
 p - a +0 leather armour (worn)
Scrolls
 c - a scroll of vulnerability
 i - a scroll of fear
Potions
 e - a potion of lignification
 h - 4 potions of curing {@q1}
 k - a potion of berserk rage
 l - a potion of mutation
 n - a potion of brilliance


   Skills:
 + Level 2.0 Fighting
 * Level 2.6 Crossbows
 - Level 2.1 Dodging
 - Level 1.2 Spellcasting
 * Level 4.4 Hexes
 + Level 0.2 Fire Magic


You had one spell level left.
You knew the following spells:

 Your Spells              Type           Power      Damage    Failure   Level
a - Slow                  Hex            56%        N/A       4%          1
b - Inner Flame           Hex/Fire       8%         N/A       34%         3

Your spell library contained the following spells:

 Spells                   Type           Power      Damage    Failure   Level
 Portal Projectile        Hex/Tloc       14%        N/A       36%         3
 Cause Fear               Hex            7%         N/A       43%         4
 Fireball                 Conj/Fire      0%         3d3       100%        5
 Starburst                Conj/Fire      0%         6d3       100%        6
 Ignition                 Fire           0%         3d3       100%        8


Dungeon Overview and Level Annotations

Branches:
Dungeon (2/15)

Altars:


Innate Abilities, Weirdness & Mutations

You cannot be hasted, slowed, berserked, paralysed or teleported.
You can dig through walls and to a lower floor.
You have a pair of large antennae on your head. (SInv)
Your four strong arms can wield two-handed weapons with a shield.
You have large cloven feet.
Your body sometimes deteriorates upon taking damage.


Message History

Your magical effects are unravelling.
You feel magically purged.
You feel less wooden.
Your +0 pair of gloves unmelds from your body.
Your +0 leather armour unmelds from your body.
You feel a little less clever now. The gnoll closely misses you.
The gnoll shaman misses you.
It was a potion of attraction.
You feel attractive to monsters.
The gnoll hits you from afar with a +0 spear.
* * * LOW HITPOINT WARNING * * *
The gnoll shaman calls upon its god to speed up the gnoll.
The gnoll seems to speed up.
The gnoll hits you from afar with a +0 spear.
* * * LOW HITPOINT WARNING * * *
The gnoll is attracted toward you. x3
As you read the scroll labelled DELESU NOFFU, it crumbles to dust.
You assume a fearsome visage.
The gnoll shaman looks frightened!
The gnoll looks frightened! x3; It was a scroll of fear.
The gnoll shaman is attracted toward you.
The gnoll is attracted toward you. x3
Okay, then.
As you read the scroll labelled UNTEESK OSOTIU, it crumbles to dust.
You feel a strange sense of stasis.
It was a scroll of teleportation.
The gnoll shaman is attracted toward you.
The gnoll is attracted toward you. x3
As you read the scroll labelled POF OMIESOLIMA, it crumbles to dust.
You feel aware of your surroundings.
It was a scroll of magic mapping.
The gnoll prays for help.
The gnoll shaman is attracted toward you.
The gnoll is attracted toward you. x2
As you read the scroll labelled UQECVI ETED, it crumbles to dust.
It is a scroll of identify.
You don't have any unidentified items.
Cornered, the gnoll turns to fight!
The gnoll barely misses you.
The gnoll shaman is attracted toward you.
The gnoll is attracted toward you. x2
Okay, then.
The gnoll hits you with a +0 spear.
You die...

#.>....).........
##...............
#.#######..#.#.#
#......(#..#.#.#
#######.#..#.#.#
#.#..#.#.#
#########.####.#.#
#.g§g§§.#........#
#@#####.########.#
#.gg§....{# ###'#
#######.#.# #....
*,,...#.# #...)
*,#####.# #....
*,****#{####....
*,,,,,#{g.{{g...
*****+######g...
#..........{.g..


You could see a gnoll shaman (fleeing) and 3 gnolls.

Vanquished Creatures
  An adder (D:2)
  A gnoll (D:2)
  A dart slug (D:2)
  An orc (D:2)
  2 ball pythons
  A bat (D:2)
  3 endoplasms
  2 giant cockroaches
  3 goblins (D:2)
  5 hobgoblins
  4 jackals (D:2)
  2 quokkas (D:2)
  4 frilled lizards
  A rat (D:1)
31 creatures vanquished.

Notes
Turn   | Place    | Note
-------+----------+-------------------------------------------
     0 | D:1      | iguanaiguana the Formicid Arcane Marksman began the quest
                  | for the Orb.
     0 | D:1      | Reached XP level 1. HP: 15/15 MP: 2/2
   151 | D:1      | Reached XP level 2. HP: 21/21 MP: 0/3
   861 | D:2      | Reached skill level 4 in Hexes
   912 | D:2      | Reached XP level 3. HP: 11/26 MP: 4/4
  1186 | D:2      | Learned a level 3 spell: Inner Flame
  1261 | D:2      | Reached XP level 4. HP: 33/33 MP: 5/5
  1371 | D:2      | Found a faded altar of an unknown god.
  1730 | D:2      | Gained mutation: You have large cloven feet. [potion of
                  | mutation]
  1730 | D:2      | Gained mutation: Your body sometimes deteriorates upon
                  | taking damage. [potion of mutation]
  1733 | D:2      | HP: 1/33 [gnoll/+0 spear (3)]
  1738 | D:2      | Slain by a gnoll

Illustrated notes

Levels and vault maps discovered:
D:1:      dpeg_arrival_radiant, layout_basic, minmay_statues_item
D:2:      layout_basic, shapermc_ecumenical_altar_pompeii

Skill      XL: |  1  2  3  4 |
---------------+-------------+-----
Dodging        | 2 |  2.1
Hexes          | 4 |  4.4
Fighting       | 2 |  2.0
Crossbows      | |  2.6
Spellcasting   | |  1.2
Fire Magic     | |  0.2

Action                   |  1- 3 |  4- 6 || total
-------------------------+-------+-------++-------
 Fire: Hand crossbow     |    70 |    27 ||    97
 Cast: Slow              |    16 |     7 ||    23
  Use: Potion            |       |     7 ||     7
       Scroll            |       |     4 ||     4
Armor: Robe              |     8 |       ||     8
       Skin              |       |     5 ||     5
       Leather armour    |       |     1 ||     1
Dodge: Dodged            |    28 |    10 ||    38

Table legend: (Time is in decaauts)
 A = Elapsed time spent in this place.
 B = Non-inter-level travel time spent in this place.
 C = Inter-level travel time spent in this place.
 D = Time resting spent in this place.
 E = Time spent auto-exploring this place.
 F = Levels seen in this place.
 G = Mean time per level.
                   A        B        C        D        E       F      G
               +--------+--------+--------+--------+--------+-----+--------+
         Total |   1777 |   1618 |    159 |     43 |   1171 |   2 |  888.5 |
       Dungeon |   1777 |   1618 |    159 |     43 |   1171 |   2 |  888.5 |
               +--------+--------+--------+--------+--------+-----+--------+

Top non-repeatable levels by time:
     D:2: 972 daAuts
     D:1: 805 daAuts
